 Dungeon Crawl Stone Soup version 0.28-a0-706-gf6f64a616a (webtiles) character file.

Game seed: 6438208725328771582

42 frimble the Firebug (level 3, -3/24 HPs)
             Began as a Demonspawn Fire Elementalist on Oct 25, 2021.
             Slain by a gnoll (12 damage)
             ... on level 1 of the Dungeon.
             The game lasted 00:02:52 (1671 turns).

frimble the Firebug (Demonspawn Fire Elementalist)  Turns: 1671, Time: 00:02:53

Health: -3/24      AC:  2    Str:  8    XL:     3   Next: 33%
Magic:  6/6        EV: 12    Int: 17    God:
Gold:   22         SH:  0    Dex: 13    Spells: 5/6 levels left

rFire   . . .      SeeInvis .   f - +0 rapier
rCold   . . .      Faith    .   (no shield)
rNeg    . . .      Spirit   .   a - +0 robe
rPois   .          Reflect  .   (no helmet)
rElec   .          Harm     .   (no cloak)
rCorr   .          Rampage  .   (no gloves)
Will    .....                   (no boots)
Stlth   ++........              (no amulet)
HPRegen 0.08/turn               (no ring)
MPRegen 0.10/turn               (no ring)

@: no status effects
A: powered by death 2
a: no special abilities


You were on level 1 of the Dungeon.
You visited 1 branch of the dungeon, and saw 3 of its levels.

You collected 22 gold pieces.

Inventory:

Hand Weapons
 d - a +0 dagger
 f - a +0 rapier (weapon)
Armour
 a - a +0 robe (worn)
Scrolls
 b - a scroll of amnesia {unknown}
 c - a scroll of identify {unknown}
 e - a scroll of teleportation {unknown}
 g - a scroll of magic mapping {unknown}
 h - a scroll of noise {unknown}
 i - a scroll of vulnerability {unknown}
Potions
 j - a potion of heal wounds {unknown}


   Skills:
 - Level 1.8 Dodging
 - Level 1.8 Stealth
 - Level 2.0 Spellcasting
 + Level 2.9 Conjurations
 + Level 3.0 Fire Magic


You had 5 spell levels left.
You knew the following spells:

 Your Spells              Type           Power      Damage    Failure   Level
a - Foxfire               Conj/Fire      44%        2x1d6     6%          1

Your spell library contained the following spells:

 Spells                   Type           Power      Damage    Failure   Level
 Scorch                   Fire           22%        2d6       9%          2
 Conjure Flame            Conj/Fire      11%        6-21      17%         3
 Inner Flame              Hex/Fire       6%         N/A       30%         3
 Ozocubu's Armour         Ice            1%         N/A       50%         3
 Flame Wave               Conj/Fire      11%        3d4       50%         4
 Metabolic Englaciation   Hex/Ice        0%         N/A       99%         5
 Simulacrum               Ice/Necr       0%         N/A       100%        6


Dungeon Overview and Level Annotations

Branches:
Dungeon (3/15)

Altars:


Innate Abilities, Weirdness & Mutations

You regenerate health from kills.


Message History

You barely miss the kobold. The kobold misses you.
You closely miss the kobold. The kobold barely misses you.
You hit the kobold.
The kobold is severely wounded.
The kobold completely misses you.
You miss the kobold.
The kobold is severely wounded.
The kobold barely misses you.
You hit the kobold.
You kill the kobold!
Your Fire Magic skill increases to level 3!
Found a faded altar of an unknown god.
You see here 14 gold pieces.
The gnoll shouts!
The gnoll hits you with a +0 flail.
You barely miss the gnoll. The gnoll hits you with a +0 flail.
You are too injured to fight recklessly!
You are too injured to fight recklessly!
You are too injured to fight recklessly!
You are too injured to fight recklessly!
You are too injured to fight recklessly!
You are too injured to fight recklessly!
You are too injured to fight recklessly!
Casting: Foxfire (safe; 6% risk of failure)
Confirm with . or Enter, or press ? or * to list all spells.
You conjure some foxfire!
The gnoll hits you with a +0 flail!
Ouch! That really hurt!
* * * LOW HITPOINT WARNING * * *
The foxfire hits the gnoll.
The gnoll is lightly wounded.
The foxfire hits the gnoll.
The gnoll is moderately wounded.
You see here 14 gold pieces.
There is an open door here.
Okay, then.
Unknown command.
Okay, then.
The gnoll hits you with a +0 flail!
Ouch! That really hurt!
You die...

#..# ####........# #..#
#....###########
#..####.#### #∩∩##.∩
#..........#####.).... #
##.####.####<÷........
##.###.####.#####...÷.....
#
#..............###........
##. ##.###.###.#.####
###...... ....##...##.#
#@#.# ###∩∩∩. #..#..≈..#.#
#g#.# ####. #....≈≈≈...#
#.#.. ## .##..≈..### #.###
#. ##...## #.# ## ##.###
#.# #.#.## #.# #..#.## #.#
## ###.###.###.#


You could see a gnoll.

Vanquished Creatures
  2 dart slugs (D:1)
  4 ball pythons
  An endoplasm (D:2)
  2 giant cockroaches (D:1)
  3 goblins
  2 hobgoblins (D:2)
  4 jackals
  3 kobolds
  2 quokkas
  5 bats
  2 frilled lizards
  4 rats
34 creatures vanquished.

Vanquished Creatures (collateral kills)
  A foxfire (D:1)
1 creature vanquished.

Vanquished Creatures (others)
  93 foxfires
  5 plants
98 creatures vanquished.

Grand Total: 133 creatures vanquished

Notes
Turn   | Place    | Note
-------+----------+-------------------------------------------
     0 | D:1      | frimble the Demonspawn Fire Elementalist began the quest
                  | for the Orb.
     0 | D:1      | Reached XP level 1. HP: 13/13 MP: 3/3
   519 | D:1      | Gained mutation: You regenerate a little health from kills.
                  | [demonic ancestry]
   519 | D:1      | Reached XP level 2. HP: 17/19 MP: 5/5
  1392 | D:2      | Gained mutation: You regenerate health from kills. [demonic
                  | ancestry]
  1392 | D:2      | Reached XP level 3. HP: 24/24 MP: 6/6
  1644 | D:1      | Reached skill level 3 in Fire Magic
  1644 | D:1      | Found a faded altar of an unknown god.
  1671 | D:1      | Slain by a gnoll

Illustrated notes

Levels and vault maps discovered:
D:1:      amcnicky_arrival_abandoned_market, layout_loops_ring,
          shapermc_ecumenical_altar_notcrosses, serial_bayou,
          serial_bayou_crossing, serial_bayou_shore_b, serial_bayou_pond_b,
          serial_bayou_pond_b, dk_noncrumbling_3, amcnicky_mini_pool_small
D:2:      cheibrodos_old_hovel, layout_rooms
D:3:      layout_basic, nemelex_altar_shiori, corexii_item_surrounded_by_moat

Skill      XL: |  1  2  3 |
---------------+----------+-----
Conjurations   | 2 |  2.9
Fire Magic     | 3 |  3.0
Dodging        | |  1.8
Stealth        | |  1.8
Spellcasting   | |  2.0

Action                   || total
-------------------------++-------
Melee: Unarmed           ||    18
       Dagger            ||    12
       Rapier            ||    12
 Cast: Foxfire           ||    60
  Use: Scroll            ||     1
       Potion            ||     1
Armor: Robe              ||    13
Dodge: Dodged            ||    49

Table legend: (Time is in decaauts)
 A = Elapsed time spent in this place.
 B = Non-inter-level travel time spent in this place.
 C = Inter-level travel time spent in this place.
 D = Time resting spent in this place.
 E = Time spent auto-exploring this place.
 F = Levels seen in this place.
 G = Mean time per level.
                   A        B        C        D        E       F      G
               +--------+--------+--------+--------+--------+-----+--------+
         Total |   1675 |   1654 |     21 |    169 |   1177 |   3 |  558.3 |
       Dungeon |   1675 |   1654 |     21 |    169 |   1177 |   3 |  558.3 |
               +--------+--------+--------+--------+--------+-----+--------+

Top non-repeatable levels by time:
     D:1: 924 daAuts
     D:2: 560 daAuts
     D:3: 190 daAuts
